 Dungeon Crawl Stone Soup version 0.31-a0-1405-g2bb1a01664 (webtiles) character file.

Game seed: 9210693872323976857

49 Sobieck the Shooter (level 3, -2/29 HPs)
             Began as a Barachi Hunter on Dec 25, 2023.
             Slain by Terence
             ... wielding a +0 flail
              (8 damage)
             ... on level 2 of the Dungeon.
             The game lasted 00:02:05 (1175 turns).

Sobieck the Shooter (Barachi Hunter)                Turns: 1175, Time: 00:02:06

Health: -2/29      AC:  3    Str: 11    XL:     3   Next: 77%
Magic:  3/3        EV: 12    Int:  8    God:
Gold:   52         SH:  0    Dex: 21    Spells: 2/2 levels left

rFire   . . .        a - +0 shortbow
rCold   . . .        (shield currently unavailable)
rNeg    . . .        c - +0 leather armour
rPois   .            (no helmet)
rElec   .            (no cloak)
rCorr   .            (no gloves)
SInv    .            (no boots)
Will    .....        (no amulet)
Stlth   ++           (no ring)
HPRegen 0.24/turn    (no ring)
MPRegen 0.08/turn

%: no passive effects
@: slow
A: amphibious, slowness 1, strong legs 1, +LOS, agile 1, screaming 1, subdued
magic 1
a: Hop


You were on level 2 of the Dungeon.
You visited 1 branch of the dungeon, and saw 2 of its levels.

You collected 52 gold pieces.

Inventory:

Hand Weapons
 a - a +0 shortbow (weapon)
Armour
 c - a +0 leather armour (worn)
Jewellery
 f - a ring of protection from fire
Scrolls
 b - a scroll of butterflies
 d - 3 scrolls of teleportation {unknown}
 e - a scroll of immolation {unknown}
 h - a scroll of noise {unknown}


   Skills:
 + Level 3.2 Fighting
 * Level 4.7 Ranged Weapons
 + Level 1.6 Armour
 - Level 2.1 Dodging
 - Level 0.8 Stealth


You had 2 spell levels left.
You didn't know any spells.
Your spell library contained the following spells:

 Spells                   Type           Power      Damage    Failure   Level
 Freeze                   Ice            0%         1d3       45%         1
 Frozen Ramparts          Ice            0%         1d1       83%         3
 Hailstorm                Conj/Ice       0%         3d5       83%         3
 Alistair's Intoxication  Alch           0%         N/A       100%        5
 Borgnjor's Vile Clutch   Necr/Erth      0%         N/A       100%        5
 Eringya's Noxious Bog    Alch           0%         4d6       100%        6


Dungeon Overview and Level Annotations

Branches:
Dungeon (2/15)

Altars:

Annotations:
D:2 Terence


Innate Abilities, Weirdness & Mutations

You are amphibious.
You cover ground slowly.
You can hop short distances.
You have an extended range of vision and can be seen from far away.
You are agile. (Dex +4, Str/Int -1)
You occasionally shout uncontrollably at your foes.
Your spells are a little easier to cast, but a little less powerful.


Message History

Terence is heavily wounded.
You shoot an arrow. The arrow barely misses Terence.
Terence hits you with a +0 flail. x2
You are too injured to fight recklessly!
You are too injured to fight recklessly!
You are too injured to fight recklessly!
Fire: a) +0 shortbow
Press: ? - help, Q - select action Shift-Dir - straight line, f/p - Terence
Aim: Terence, wielding a +0 flail and wearing a +0 scale mail (heavily wounded, 66% to hit)
You shoot an arrow. The arrow barely misses Terence.
Terence closely misses you.
Fire: a) +0 shortbow
Press: ? - help, Q - select action Shift-Dir - straight line, f/p - Terence
Aim: Terence, wielding a +0 flail and wearing a +0 scale mail (heavily wounded, 66% to hit)
You shoot an arrow. The arrow barely misses Terence.
Terence barely misses you.
It was a potion of mutation.
You feel extremely strange.
Your connection to magic feels subdued.
You feel the urge to shout.
You feel agile. Terence hits you with a +0 flail.
Unknown command.
Fire: a) +0 shortbow
Press: ? - help, Q - select action Shift-Dir - straight line, f/p - Terence
Aim: Terence, wielding a +0 flail and wearing a +0 scale mail (heavily wounded, 69% to hit)
You shoot an arrow. The arrow hits Terence.
Terence is severely wounded.
Terence barely misses you.
Fire: a) +0 shortbow
Press: ? - help, Q - select action Shift-Dir - straight line, f/p - Terence
Aim: Terence, wielding a +0 flail and wearing a +0 scale mail (severely wounded, 69% to hit)
You shoot an arrow. The arrow closely misses Terence.
Terence hits you with a +0 flail!
* * * LOW HITPOINT WARNING * * *
Terence misses you.
Fire: a) +0 shortbow
Press: ? - help, Q - select action Shift-Dir - straight line, f/p - Terence
Aim: Terence, wielding a +0 flail and wearing a +0 scale mail (severely wounded, 69% to hit)
You shoot an arrow. The arrow hits Terence.
Terence is severely wounded.
Terence barely misses you.
Fire: a) +0 shortbow
Press: ? - help, Q - select action Shift-Dir - straight line, f/p - Terence
Aim: Terence, wielding a +0 flail and wearing a +0 scale mail (severely wounded, 69% to hit)
You shoot an arrow.
The arrow hits Terence but does no damage.
Terence is severely wounded.
You are ready to hop once more.
Terence hits you with a +0 flail!
You die...
Terence says, "Rest in peace."

.#### .# .#
######.# .###
#......# ...###
#.###### .#...##
#.# ..###.# #.# ..#
#.# #.#
..###.###########@#
............†...@.#
###################


You could see Terence.

Vanquished Creatures
  A gnoll (D:1)
  A worm (D:1)
  3 dart slugs (D:1)
  2 endoplasms (D:1)
  4 giant cockroaches (D:1)
  2 goblins (D:1)
  7 hobgoblins
  A quokka (D:1)
  A ball python (D:1)
  3 kobolds (D:1)
  2 rats (D:1)
27 creatures vanquished.

Notes
Turn   | Place    | Note
-------+----------+-------------------------------------------
     0 | D:1      | Sobieck the Barachi Hunter began the quest for the Orb.
     0 | D:1      | Reached XP level 1. HP: 17/17 MP: 1/1
    91 | D:1      | Reached XP level 2. HP: 23/23 MP: 2/2
   163 | D:1      | Reached skill level 1 in Armour
   357 | D:1      | Reached XP level 3. HP: 28/28 MP: 3/3
   388 | D:1      | Reached skill level 3 in Fighting
  1152 | D:2      | Noticed Terence
  1171 | D:2      | Gained mutation: Your spells are a little easier to cast,
                  | but a little less powerful. [potion of mutation]
  1171 | D:2      | Gained mutation: You occasionally shout uncontrollably at
                  | your foes. [potion of mutation]
  1171 | D:2      | Gained mutation: You are agile. (Dex +4, Str/Int -1)
                  | [potion of mutation]
  1175 | D:2      | Slain by Terence

Illustrated notes

Levels and vault maps discovered:
D:1:      elethiomel_arrival_infinity_welcomes_careful_drivers, layout_basic,
          nicolae_wormholes
D:2:      layout_loops_corners, shapermc_ecumenical_altar_mp_urbaneastern,
          minmay_misc_feat_square, uniq_terence

Skill      XL: |  1  2  3 |
---------------+----------+-----
Armour         | 1 |  1.6
Fighting       | 3 |  3.2
Ranged Weapons | |  4.7
Dodging        | |  2.1
Stealth        | |  0.8

Action                     || total
---------------------------++-------
   Fire: Shortbow          ||    97
Ability: Hop               ||     2
    Use: Potion            ||     1
 Armour: Leather armour    ||    28
  Dodge: Dodged            ||    23

Table legend: (Time is in decaauts)
 A = Elapsed time spent in this place.
 B = Non-inter-level travel time spent in this place.
 C = Inter-level travel time spent in this place.
 D = Time resting spent in this place.
 E = Time spent auto-exploring this place.
 F = Levels seen in this place.
 G = Mean time per level.
                   A        B        C        D        E       F      G
               +--------+--------+--------+--------+--------+-----+--------+
         Total |   1380 |   1224 |    156 |     87 |    969 |   2 |  690.0 |
       Dungeon |   1380 |   1224 |    156 |     87 |    969 |   2 |  690.0 |
               +--------+--------+--------+--------+--------+-----+--------+

Top non-repeatable levels by time:
     D:1: 1284 daAuts
     D:2: 96 daAuts
